 Dungeon Crawl Stone Soup version 0.29.1-1-gd02db69 (webtiles) character file.

Game seed: 11658652070934616368

678 Bazzalis the Cudgeller (level 7, -7/45 HPs)
             Began as a Gargoyle Fighter on Mar 1, 2023.
             Was an Initiate of Uskayaw.
             Killed from afar by a steam dragon (9 damage)
             ... with a ball of steam
             ... on level 4 of the Dungeon.
             The game lasted 00:20:12 (4589 turns).

Bazzalis the Cudgeller (Gargoyle Fighter)           Turns: 4589, Time: 00:20:13

Health: -7/45      AC: 15    Str: 28    XL:     7   Next: 60%
Magic:  4/9        EV:  9    Int:  8    God:    Uskayaw [......]
Gold:   171        SH:  4    Dex:  9    Spells: 6/6 levels left

rFire   . . .      SeeInvis .   a - +1 flail (protect)
rCold   . . .      Faith    .   c - +0 buckler
rNeg    + + .      Spirit   .   e - +0 scale mail
rPois   ∞          Reflect  .   s - +0 helmet
rElec   +          Harm     .   p - +0 cloak
rCorr   .          Rampage  .   i - +0 pair of gloves
Will    .....                   (no boots)
Stlth   ..........              (no amulet)
HPRegen 0.15/turn               j - +6 ring of strength
MPRegen 0.11/turn               r - ring of positive energy

@: no status effects
A: sickness immunity, AC +4, negative energy resistance 1, electricity
resistance, torment resistance 1, petrification resistance
a: Renounce Religion


You were on level 4 of the Dungeon.
You worshipped Uskayaw.
Uskayaw was noncommittal.
You visited 1 branch of the dungeon, and saw 4 of its levels.
You also visited: Ossuary.

You collected 171 gold pieces.

Inventory:

Hand Weapons
 a - a +1 flail of protection (weapon)
 b - a +2 dagger of venom
Missiles
 w - 3 poisoned darts (quivered)
Armour
 c - a +0 buckler (worn)
 e - a +0 scale mail (worn)
 i - a +0 pair of gloves (worn)
 p - a +0 cloak (worn)
 s - a +0 helmet (worn)
Jewellery
 j - a +6 ring of strength (left hand)
 r - a ring of positive energy (right hand)
Wands
 l - a wand of iceblast (8)
 u - a wand of mindburst (17)
 x - a wand of paralysis (21)
Scrolls
 f - a scroll of fog {unknown}
 g - 4 scrolls of identify {unknown}
 h - 3 scrolls of teleportation {unknown}
 q - a scroll of noise {unknown}
 t - 2 scrolls of enchant weapon {unknown}
 v - a scroll of enchant armour {unknown}
 y - a scroll of fear {unknown}
 C - a scroll of amnesia {unknown}
Potions
 d - a potion of might
 k - 4 potions of curing {unknown}
 m - a potion of invisibility {unknown}
 n - a potion of lignification {unknown}
 o - 2 potions of mutation {unknown}
 z - a potion of resistance {unknown}
 A - a potion of brilliance {unknown}
 B - a potion of haste {unknown}


   Skills:
 + Level 5.6 Fighting
 * Level 6.3 Maces & Flails
 - Level 3.2 Armour
 - Level 3.2 Shields
 + Level 3.2 Invocations


You had 6 spell levels left.
You didn't know any spells.
Your spell library contained the following spells:

 Spells                   Type           Power      Damage    Failure   Level
 Call Canine Familiar     Summ           0%         N/A       98%         3
 Portal Projectile        Hex/Tloc       0%         N/A       98%         3
 Leda's Liquefaction      Hex/Erth       0%         N/A       100%        4


Dungeon Overview and Level Annotations

Branches:
Dungeon (4/15)            Ossuary (visited)
 Temple: D:4-7

Altars:
Ashenzari
Uskayaw
Wu Jian
Xom


Innate Abilities, Weirdness & Mutations

You are immune to sickness and miasma.
Your stone body is resilient. (AC +4)
You are immune to poison.
You resist negative energy. (rN+)
You are resistant to electric shocks. (rElec)
You are resistant to unholy torment.
You are immune to petrification.


Message History

You kill the endoplasm!
You can no longer stomp with the beat.
The steam dragon breathes steam at you. The ball of steam hits you!
* * * LOW HITPOINT WARNING * * *
You can now stomp with the beat.
The steam dragon bites you but does no damage.
The steam dragon claws you but does no damage.
An endoplasm comes into view.
You barely miss the steam dragon.
The steam dragon is heavily wounded.
The steam dragon bites you.
* * * LOW HITPOINT WARNING * * *
The steam dragon claws you.
* * * LOW HITPOINT WARNING * * *
You barely miss the steam dragon.
The steam dragon is heavily wounded.
The steam dragon bites you but does no damage.
You block the steam dragon's attack.
You stomp with the beat, sending a shockwave through the revellers around you!
The steam dragon is severely wounded.
You can no longer stomp with the beat.
The steam dragon bites you.
* * * LOW HITPOINT WARNING * * *
The steam dragon claws you but does no damage.
You hit the steam dragon.
Your weapon exudes an aura of protection.
The steam dragon is severely wounded.
The steam dragon bites you but does no damage.
The steam dragon closely misses you. The steam dragon breathes steam at you.
The ball of steam misses you.
The steam dragon attacks as you move away!
The steam dragon bites you but does no damage.
The steam dragon claws you but does no damage.
You closely miss the steam dragon.
The steam dragon is severely wounded.
The steam dragon breathes steam at you. The ball of steam hits you!
You die...

.######
#.##.....................
.#
#...†....................
.#
####.....................
##....................
##...............
##..............
#..............
#######............
#.....@D...........
#.....§J...........
#....§§............
#....§.§..........
#....§...........
#########.....?. .......
...... ......


You could see a steam dragon (catching breath) and an endoplasm.

Vanquished Creatures
  An elf zombie (Ossuary)
  A scorpion (D:4)
  2 centaur zombies (Ossuary)
  A human zombie (Ossuary)
  A gnoll bouda (D:4)
  Jessica (D:2)
  2 iguanas (D:4)
  An orc wizard (D:3)
  A hound zombie (Ossuary)
  3 mummies (Ossuary)
  10 gnolls
  6 adders
  5 adder zombies (Ossuary)
  2 worms (D:3)
  A dart slug (D:2)
  3 orcs
  7 endoplasms
  3 giant cockroaches
  2 gnoll zombies (Ossuary)
  4 goblins
  8 hobgoblins
  7 jackals
  8 kobolds
  2 quokkas
  10 ball pythons
  8 bats
  4 frilled lizards
  3 goblin zombies (Ossuary)
  2 hobgoblin zombies (Ossuary)
  3 jackal zombies (Ossuary)
  3 kobold zombies (Ossuary)
  An orc zombie (Ossuary)
  2 quokka zombies (Ossuary)
  4 rats
  7 rat zombies (Ossuary)
129 creatures vanquished.

Vanquished Creatures (others)
  A hobgoblin (D:3)
  A bat (D:3)
2 creatures vanquished.

Grand Total: 131 creatures vanquished

Notes
Turn   | Place    | Note
-------+----------+-------------------------------------------
     0 | D:1      | Bazzalis the Gargoyle Fighter began the quest for the Orb.
     0 | D:1      | Reached XP level 1. HP: 14/14 MP: 1/1
   230 | D:1      | Reached XP level 2. HP: 19/19 MP: 2/2
   620 | D:1      | Reached skill level 3 in Maces & Flails
   623 | D:1      | Reached XP level 3. HP: 24/24 MP: 3/3
  1574 | D:2      | Reached XP level 4. HP: 29/29 MP: 4/4
  1616 | D:2      | Found a faded altar of an unknown god.
  1621 | D:2      | Prayed at the altar of an unknown god.
  1621 | D:2      | Became a worshipper of Uskayaw the Reveller
  1621 | D:2      | Reached * piety under Uskayaw
  1636 | D:2      | Noticed Jessica
  1643 | D:2      | Killed Jessica
  1897 | D:3      | Reached skill level 4 in Maces & Flails
  2145 | D:3      | Reached XP level 5. HP: 14/34 MP: 5/5
  2926 | D:3      | Reached skill level 1 in Invocations
  3281 | D:3      | Found a shimmering altar of Xom.
  3344 | D:3      | Found an ornate altar of the Wu Jian Council.
  3345 | D:3      | Found a broken altar of Ashenzari.
  3420 | D:4      | Reached XP level 6. HP: 30/39 MP: 5/7
  3460 | D:3      | Reached skill level 5 in Maces & Flails
  3466 | D:3      | Reached ** piety under Uskayaw
  3531 | D:4      | Found a sand-covered staircase.
  3665 | Ossuary  | Entered an ossuary
  3773 | Ossuary  | Reached skill level 5 in Fighting
  3961 | Ossuary  | Reached XP level 7. HP: 44/44 MP: 8/8
  4146 | D:4      | Noticed a steam dragon
  4412 | D:4      | Reached *** piety under Uskayaw
  4413 | D:4      | Reached skill level 6 in Maces & Flails
  4416 | D:4      | Reached **** piety under Uskayaw
  4584 | D:4      | HP: 2/45 [steam dragon (1)]
  4589 | D:4      | Killed from afar by a steam dragon

Illustrated notes

Levels and vault maps discovered:
D:1:      lightli_arrival_windingriver, layout_basic, serial_co_window_serial,
          co_window_paths_b, co_window_paths_b, co_window_paths_a,
          co_window_paths_a, co_window_cross_1, co_window_paths_c,
          co_window_corner_b, co_window_2corner, co_window_corner_cb,
          co_window_4corner_b, glass_columns_b, glass_columns_a,
          dk_noncrumbling_4
D:2:      layout_rooms, shapermc_ecumenical_altar_petra, serial_bayou_pond_e,
          due_unseen_surprise, uniq_jessica
D:3:      layout_loops_ring, gammafunk_temple_overflow_statue,
          xom_confusion_cloud, hangedman_abyss_or_decor_lesser_grid
D:4:      layout_basic, mainiacjoe_overflow_brackets, nicolae_ossuary_entry_plus

Skill      XL: |  1  2  3  4  5  6  7 |
---------------+----------------------+-----
Maces & Flails | 3 4 5 6 |  6.3
Fighting       | 4 5 |  5.6
Invocations    | 1 2 3 |  3.2
Armour         | |  3.2
Shields        | |  3.2

Action                   |  1- 3 |  4- 6 |  7- 9 || total
-------------------------+-------+-------+-------++-------
Melee: Dagger            |   112 |   148 |       ||   260
       Flail             |     1 |    93 |    64 ||   158
Invok: Stomp             |       |     5 |     2 ||     7
       Line Pass         |       |     1 |       ||     1
 Stab: Confused          |       |     1 |       ||     1
       Paralysed         |       |       |     2 ||     2
Armor: Scale mail        |    55 |   164 |    42 ||   261
Dodge: Dodged            |    58 |   137 |    30 ||   225
Block: Buckler           |    18 |    41 |    12 ||    71
